AoeStats
← bekatohe

Black Forest

509965832Analyzed
4v4 RM · 5d ago on Sep 28, 2026· 51m 34s· 8 players
Game mode
Random Map
Map size
Large (8 player)
Population
200
Speed
Normal
Resources
Standard
Victory
Conquest
Starting age
Dark Age
Ending age
Imperial Age
RankedLock teamsTeams togetherTeam positionsShared explorationLock speedFull tech treeHidden civsTurbo modeCheats
Victory
Defeat
🇬🇬 Japanese · Guernsey
767
+18
🇨🇦 Danes · Canada
718
+19
🇺🇸 Huns · United States
707
+20
🇧🇷 Italians · Brazil
645
+21
🇬🇧 Danes · United Kingdom
1055
-29
🇬🇧 Bengalis · United Kingdom
718
-17
🇬🇧 Huns · United Kingdom
703
-16
🇬🇧 Turks · United Kingdom
702
-16
Seventh L3tter
0:30 Loom
11:51 Feudal Age
14:06 Double-Bit Axe
18:26 Castle Age
16:39 Stone Mining
26:17 Scale Mail Armor
27:40 Squires
27:26 Gambesons
29:31 Chain Mail Armor
29:05 Arson
31:03 Wheelbarrow
30:47 Forging
30:57 Bow Saw
30:30 Horse Collar
36:44 Imperial Age
37:01 Iron Casting
36:32 Heavy Plow
38:29 Plate Mail Armor
42:59 Blast Furnace
43:36 Hand Cart
43:07 Town Watch
44:28 Conscription
43:29 Hamask
43:36 Elite Jomsviking
46:17 Ballistics
46:59 Chemistry
46:06 Siege Engineers
46:00 Gold Mining
46:46 Stone Shaft Mining
47:13 Fletching
47:24 Padded Archer Armor
47:35 Northmen's Fury
49:49 Leather Archer Armor
49:29 Bodkin Arrow
49:45 Thumb Ring
49:01 Elite Skirmisher
themoist_hoist2
0:36 Loom
16:00 Feudal Age
24:52 Castle Age
22:42 Double-Bit Axe
22:41 Horse Collar
22:56 Stone Mining
22:58 Gold Mining
26:23 Wheelbarrow
25:35 Town Watch
29:18 Bow Saw
30:16 Marauders
30:51 Heavy Plow
31:39 Gold Shaft Mining
31:12 Caravan
32:09 Hand Cart
32:34 Town Patrol
39:53 Imperial Age
37:35 Scale Barding Armor
37:41 Forging
39:05 Husbandry
39:16 Bloodlines
40:03 Iron Casting
39:49 Chain Barding Armor
40:05 Elite Tarkan
41:07 Conscription
41:29 Atheism
42:44 Blast Furnace
42:20 Plate Barding Armor
43:16 Two-Man Saw
48:40 Chemistry
47:37 Murder Holes
47:53 Masonry
Aethelwulf
8:56 Loom
12:18 Feudal Age
15:27 Double-Bit Axe
15:24 Horse Collar
17:37 Man-at-Arms
18:03 Arson
21:58 Wheelbarrow
24:36 Castle Age
22:25 Town Watch
25:32 Caravan
27:55 Scale Mail Armor
28:07 Forging
30:15 Bow Saw
30:08 Heavy Plow
30:40 Gold Mining
30:45 Stone Mining
31:22 Fletching
31:32 Padded Archer Armor
36:11 Imperial Age
34:20 Wheelbarrow
34:11 Thumb Ring
34:25 Elite Skirmisher
35:06 Bodkin Arrow
35:26 Leather Archer Armor
35:41 Ballistics
37:54 Chemistry
37:05 Bracer
40:23 Ring Archer Armor
40:07 Siege Engineers
41:55 Conscription
43:38 Two-Man Saw
43:41 Kataparuto
43:26 Yasama
46:42 Gold Shaft Mining
46:14 Guard Tower
46:10 Arrowslits
48:39 Keep
48:16 Masonry
47:47 Treadmill Crane
48:06 Murder Holes
GustavoSL82
0:38 Loom
13:54 Feudal Age
15:32 Wheelbarrow
14:57 Double-Bit Axe
20:29 Horse Collar
26:54 Castle Age
24:55 Stone Mining
25:13 Gold Mining
28:22 Bow Saw
28:15 Heavy Plow
30:11 Fortified Wall
29:57 Murder Holes
36:06 Imperial Age
34:04 Silk Road
34:37 Hand Cart
38:00 Two-Man Saw
37:35 Crop Rotation
39:13 Chemistry
38:00 Arrowslits
38:10 Fletching
38:31 Forging
38:51 Conscription
38:06 Pikeman
38:47 Squires
38:33 Arson
39:48 Stone Shaft Mining
40:47 Hoardings
43:02 Bombard Tower
43:03 Ballistics
42:34 Heated Shot
48:38 Elite Genoese Crossbowman
IdleBonobo
0:26 Loom
13:53 Feudal Age
17:23 Castle Age
15:50 Double-Bit Axe
16:14 Horse Collar
21:02 Fletching
21:12 Padded Archer Armor
25:31 Crossbowman
27:16 Bodkin Arrow
27:36 Leather Archer Armor
27:32 Thumb Ring
33:17 Ballistics
36:36 Bow Saw
40:23 Imperial Age
46:30 Imperial Age
45:41 Forging
45:32 Scale Mail Armor
46:40 Elite Jomsviking
47:41 Conscription
48:04 Iron Casting
47:45 Chain Mail Armor
47:33 Squires
47:18 Arson
50:26 Blast Furnace
51:02 Plate Mail Armor
Sherb
0:36 Loom
13:56 Feudal Age
14:21 Horse Collar
14:30 Double-Bit Axe
15:08 Stone Mining
17:23 Gold Mining
23:13 Castle Age
24:20 Heavy Plow
24:34 Bow Saw
25:23 Town Watch
26:40 Husbandry
26:52 Bloodlines
27:24 Forging
27:21 Scale Barding Armor
30:37 Caravan
35:19 Imperial Age
34:45 Fletching
35:01 Murder Holes
35:28 Ballistics
37:23 Heavy Camel Rider
41:03 Chain Barding Armor
42:06 Iron Casting
43:41 Conscription
bekatohe
0:29 Loom
15:19 Feudal Age
16:40 Wheelbarrow
19:45 Double-Bit Axe
37:34 Castle Age
38:01 Scale Mail Armor
38:12 Forging
38:45 Bow Saw
38:56 Hand Cart
42:57 Chain Mail Armor
43:18 Iron Casting
42:48 Scale Barding Armor
48:13 Horse Collar
Tramdan
0:47 Loom
14:11 Feudal Age
24:22 Bloodlines
26:51 Castle Age
28:02 Husbandry
28:16 Scale Barding Armor
28:24 Forging
31:47 Caravan
38:00 Imperial Age
36:37 Chain Barding Armor
37:30 Iron Casting
38:40 Cavalier
Connection lost

Rejoining the realm…

Still unreachable

The connection could not be restored.

Session expired

The server has moved on; the page needs a fresh start.